 Dungeon Crawl Stone Soup version 0.32-a0-643-ga006e7742e (console) character file.

Game seed: 7958714565786459142

53 zenocrate the Digger (level 3, -4/22 HPs)
             Began as an Octopode Earth Elementalist on Mar 7, 2024.
             Slain by a gnoll
             ... wielding a +0 halberd
              (11 damage)
             ... on level 2 of the Dungeon.
             The game lasted 00:02:50 (1406 turns).

zenocrate the Digger (Octopode Earth Elementalist)  Turns: 1406, Time: 00:02:51

Health: -4/22      AC:  1    Str:  7    XL:     3   Next: 89%
Magic:  12/15      EV: 13    Int: 19    God:
Gold:   118        SH:  0    Dex: 12    Spells: 3/7 levels left

rFire   . . .        (no weapon)
rCold   + . .        (no shield)
rNeg    . . .        (helmet restricted)
rPois   .            (no amulet)
rElec   .            c - ring of protection from cold
rCorr   .            f - ring of magical power
SInv    .            (no ring)
Will    .....        (no ring)
Stlth   +++          (no ring)
HPRegen 0.23/turn    (no ring)
MPRegen 0.14/turn    (no ring)
                     (no ring)

%: no passive effects
@: no status effects
A: almost no armour, amphibious, 8 rings, camouflage 1, gelatinous body 1,
(nimble swimmer 1), tentacles
a: no special abilities


You were on level 2 of the Dungeon.
You visited 1 branch of the dungeon, and saw 2 of its levels.

You collected 118 gold pieces.

Inventory:

Armour
 j - a +0 tower shield
Jewellery
 c - a ring of protection from cold (left tentacle)
 f - a ring of magical power (right tentacle)
Talismans
 i - a flux talisman
Wands
 k - a wand of digging (7)
Scrolls
 b - a scroll of silence {unknown}
 g - a scroll of fog {unknown}
 l - 2 scrolls of enchant weapon {unknown}
Potions
 a - a potion of magic
 d - a potion of curing {unknown}
 e - a potion of attraction {unknown}
 h - a potion of invisibility {unknown}


   Skills:
 + Level 0.8 Fighting
 - Level 2.0 Dodging
 - Level 2.6 Stealth
 - Level 0.3 Unarmed Combat
 + Level 2.5 Spellcasting
 + Level 2.0 Conjurations
 + Level 3.5 Earth Magic


You had 3 spell levels left.
You knew the following spells:

 Your Spells              Type           Power      Damage    Failure   Level
a - Sandblast             Erth           30%        2d9       3%          1
b - Stone Arrow           Conj/Erth      26%        3d8       16%         3

Your spell library contained the following spells:

 Spells                   Type           Power      Damage    Failure   Level
 Passwall                 Erth           15%        N/A       11%         3
 Freeze                   Ice            8%         1d3       16%         1
 Necrotise                Necr           8%         1d4       16%         1
 Hailstorm                Conj/Ice       6%         3d5       30%         3
 Frozen Ramparts          Ice            4%         1d1       43%         3
 Vampiric Draining        Necr           2%         2d6       43%         3
 Brom's Barrelling Bould  Conj/Erth      13%        2d4       45%         4
 Petrify                  Alch/Erth      9%         N/A       61%         4
 Martyr's Knell           Necr/Summ      2%         N/A       85%         4
 Curse of Agony           Necr           2%         N/A       99%         5


Dungeon Overview and Level Annotations

Branches:
Dungeon (2/15)

Altars:


Innate Abilities, Weirdness & Mutations

You cannot wear most types of armour.
You are amphibious.
You can wear up to eight rings at the same time.
Your skin changes colour to match your surroundings (Stealth+).
Your rubbery body absorbs attacks. (AC +1, EV +1)
((You are camouflaged when in or above water. (Stealth+)))
You have tentacles for arms and can constrict up to eight enemies at once.


Message History

The gnoll shouts!
You hear a shout!
A gnoll comes into view. It is wielding a +1 heavy halberd.
Casting: Sandblast (safe; 3% risk of failure)
Confirm with . or Enter, or press ? or * to list all spells.
Aiming: Sandblast (safe; 3% risk of failure)
Press: ? - help, Shift-Dir - straight line, f - gnoll
Aim: a gnoll, wielding a +0 spear (84% to hit)
The blast of sand hits the gnoll!
You kill the gnoll!
A gnoll comes into view. It is wielding a +0 halberd.
The gnoll shouts!
Casting: Sandblast (safe; 3% risk of failure)
Confirm with . or Enter, or press ? or * to list all spells.
Aiming: Sandblast (safe; 3% risk of failure)
Press: ? - help, Shift-Dir - straight line, f - gnoll
Aim: a gnoll, wielding a +1 heavy halberd (84% to hit)
The blast of sand misses the gnoll.
A gnoll comes into view. It is wielding a +0 spear.
The gnoll misses you.
Unknown command.
Casting: Sandblast (safe; 3% risk of failure)
Confirm with . or Enter, or press ? or * to list all spells.
Aiming: Sandblast (safe; 3% risk of failure)
Press: ? - help, Shift-Dir - straight line, f/p - gnoll
Aim: a gnoll, wielding a +1 heavy halberd (84% to hit)
The blast of sand hits the gnoll!
The gnoll is almost dead.
The gnoll shouts!
The gnoll hits you from afar with a +1 heavy halberd!
Ouch! That really hurt!
Casting: Sandblast (safe; 3% risk of failure)
Confirm with . or Enter, or press ? or * to list all spells.
Aiming: Sandblast (safe; 3% risk of failure)
Press: ? - help, Shift-Dir - straight line, f/p - gnoll
Aim: a gnoll, wielding a +1 heavy halberd (almost dead, 84% to hit)
The blast of sand hits the gnoll.
You kill the gnoll!
The gnoll hits you from afar with a +0 halberd!
Ouch! That really hurt!
You die...

.... ......
##.......# #.....
........ #....##
....... #....##
.....## ##.....#
.g...#
#####....... .g#.#
#........... #.#.#
#.##........
#@#.###.##.......#
#...............##
###.###.####.#..#
#.# #.#######.#
..# #.........#
#### ###########


You could see 2 gnolls.

Vanquished Creatures
  2 gnolls (D:2)
  An adder (D:2)
  A dart slug (D:2)
  2 ball pythons
  5 endoplasms
  3 giant cockroaches (D:1)
  2 goblins
  4 hobgoblins
  3 kobolds
  4 quokkas
  A bat (D:2)
  2 frilled lizards
30 creatures vanquished.

Notes
Turn   | Place    | Note
-------+----------+-------------------------------------------
     0 | D:1      | zenocrate the Octopode Earth Elementalist began the quest
                  | for the Orb.
     0 | D:1      | Reached XP level 1. HP: 11/11 MP: 3/3
   260 | D:1      | Reached XP level 2. HP: 17/17 MP: 3/5
   852 | D:2      | Reached XP level 3. HP: 21/21 MP: 6/6
   930 | D:2      | Learned a level 3 spell: Stone Arrow
  1222 | D:2      | Found a faded altar of an unknown god.
  1406 | D:2      | Slain by a gnoll

Illustrated notes

Levels and vault maps discovered:
D:1:      minmay_arrival_five_plusses, layout_basic, minivault_27,
          dreamdust_wishing_well
D:2:      layout_loops_corners, dreamdust_ecumenical_altar_statues, basic_altar

Skill      XL: |  1  2  3 |
---------------+----------+-----
Conjurations   | 2 |  2.0
Fighting       | |  0.8
Dodging        | |  2.0
Stealth        | |  2.6
Unarmed Combat | |  0.3
Spellcasting   | |  2.5
Earth Magic    | |  3.5

Action                     || total
---------------------------++-------
  Melee: Unarmed           ||     6
         Constrict         ||     2
         Punch             ||     1
   Cast: Sandblast         ||    35
   Stab: Sleeping          ||     1
 Armour: Skin              ||     6
  Dodge: Dodged            ||     9

Table legend: (Time is in decaauts)
 A = Elapsed time spent in this place.
 B = Non-inter-level travel time spent in this place.
 C = Inter-level travel time spent in this place.
 D = Time resting spent in this place.
 E = Time spent auto-exploring this place.
 F = Levels seen in this place.
 G = Mean time per level.
                   A        B        C        D        E       F      G
               +--------+--------+--------+--------+--------+-----+--------+
         Total |   1421 |   1410 |     11 |      0 |   1222 |   2 |  710.5 |
       Dungeon |   1421 |   1410 |     11 |      0 |   1222 |   2 |  710.5 |
               +--------+--------+--------+--------+--------+-----+--------+

Top non-repeatable levels by time:
     D:1: 746 daAuts
     D:2: 675 daAuts
